 Dungeon Crawl Stone Soup version 0.15-a0-60-g2d7d1c5 (webtiles) character file.

251 4tharraofdagon the Ducker (level 5, 0/53 HPs)
             Began as a Troll Fighter on Apr 6, 2014.
             Was an Initiate of Zin.
             Hit by a dart of flame thrown by a kobold (7 damage)
             ... on Level 4 of the Dungeon.
             The game lasted 00:03:03 (679 turns).

4tharraofdagon the Ducker (Troll Fighter)            Turns: 679, Time: 00:03:03

HP   0/53        AC  5     Str 22      XL: 5   Next: 61%
MP   2/2         EV  8     Int  8      God: Zin [......]
Gold 34          SH 17     Dex  9      Spells:  0 memorised,  4 levels left

rFire  . . .     SeeInvis .     a - +0 war axe
rCold  . . .     Clarity  .     b - +0 robe
rNeg   . . .     Conserve .     c - +0 shield
rPois  .         rCorr    +     (helmet restricted)
rElec  .         rRot     .     (no cloak)
SustAb . .       Spirit   .     (gloves unavailable)
rMut   .         Warding  .     (boots unavailable)
Gourm  +         Stasis   .     t - amulet of resist corrosion {unknown}
MR     .....                    q - +4 ring of intelligence
                                m - cursed -3 ring of strength

@: not resistant to hostile enchantments, very unstealthy
A: unfitting armour, claws 3, fast metabolism 3, gourmand, regeneration 2,
saprovore 2, shaggy fur 1, tough skin 2
a: Renounce Religion


You were on level 4 of the Dungeon.
You worshipped Zin.
Zin was noncommittal.
You were full.

You visited 1 branch of the dungeon, and saw 4 of its levels.

You collected 37 gold pieces.
You donated 3 gold pieces.

Inventory:

Hand weapons
 a - a +0,+0 war axe (weapon)
 e - a +0,+0 giant spiked club
 s - a +0,+0 war axe
Missiles
 v - 8 javelins (quivered)
Armour
 b - a +0 robe (worn)
 c - a +0 shield (worn)
Comestibles
 d - 3 meat rations
Scrolls
 f - 2 scrolls of remove curse {unknown}
 h - 5 scrolls of identify {unknown}
 i - 2 scrolls of teleportation {unknown}
 j - 2 scrolls of fog {unknown}
 k - a scroll of immolation {unknown}
Jewellery
 m - a cursed -3 ring of strength (left claw)
 q - a +4 ring of intelligence (right claw)
 t - an amulet of resist corrosion (around neck) {unknown}
Potions
 g - 2 potions of heal wounds
 l - 2 potions of lignification {unknown}
 n - a potion of porridge
 o - a potion of restore abilities
 p - a potion of curing {unknown}
 r - a potion of brilliance {unknown}
Magical staves
 u - an uncursed staff of wizardry


   Skills:
 - Level 3.2 Fighting
 - Level 3.4 Axes
 * Level 2.0 Maces & Flails
 - Level 3.4 Dodging
 - Level 2.4 Shields


You had 4 spell levels left.
You didn't know any spells.

Dungeon Overview and Level Annotations

Branches:
Dungeon (4/15)
 Temple: D:4-7

Altars:
Zin

Annotations:
D:4 Natasha


Innate Abilities, Weirdness & Mutations

You are too large for most types of armour.
You have claws for hands.
Your metabolism is lightning-fast.
You like to eat raw meat.
You heal very quickly.
You can eat rotten meat.
You are covered in fur (AC +1).
You have very tough skin (AC +2).


Message History

Natasha is severely wounded.
You barely miss the iron imp. You hit the white imp.
You kill the white imp!
You block Natasha's attack. The iron imp barely misses you.
The hobgoblin skeleton hits you.
* * * LOW HITPOINT WARNING * * *
Natasha claws you.
* * * LOW HITPOINT WARNING * * *
You block the iron imp's attack.
You are too injured to fight recklessly!
Unknown command.
The hobgoblin skeleton hits you.
* * * LOW HITPOINT WARNING * * *
Natasha mumbles some strange words.
There is an open door here.
Unknown command.
Unknown command.
Unknown command.
The kobold throws a dart of flame.
The dart of flame hits you!
You die...

.............#
.#######....#
#.....#....#
#.....#....#
#(....#....#
#.....'....# #
#.....#....# #.
#.....#....# #..
#.@...#.......
#...#'##+##.......
#...%Kz.......###
#...55h5......#
#...w.........#
#............
#............
#......#####
#......#


You could see a worm, an iron imp, a crimson imp and a kobold.

Vanquished Creatures
  An ogre (D:4)
  A crimson imp (D:4)
  2 hounds (D:4)
  An orc wizard (D:4)
  3 adders (D:3)
  A white imp (D:4)
  A giant gecko (D:3)
  3 orcs (D:4)
  2 bats (D:3)
  5 goblins
  2 hobgoblins
  2 ball pythons
  2 giant cockroaches (D:4)
  3 kobolds
  7 rats
36 creatures vanquished.

Notes
Turn   | Place    | Note
--------------------------------------------------------------
     0 | D:1      | 4tharraofdagon, the Troll Fighter, began the quest for the Orb.
     0 | D:1      | Reached XP level 1. HP: 22/22 MP: 1/1
   233 | D:3      | Reached XP level 2. HP: 29/29 MP: 1/1
   336 | D:3      | Reached XP level 3. HP: 32/36 MP: 2/2
   395 | D:3      | Found a glowing silver altar of Zin.
   422 | D:3      | Became a worshipper of Zin the Law-Giver
   615 | D:4      | Noticed an ogre
   620 | D:4      | Killed an ogre
   620 | D:4      | Reached skill level 3 in Fighting
   620 | D:4      | Reached XP level 4. HP: 37/45 MP: 2/2
   630 | D:4      | Reached XP level 5. HP: 49/53 MP: 2/2
   668 | D:4      | Noticed Natasha
   679 | D:4      | Hit by a dart of flame thrown by a kobold

Action                   |  1- 3 |  4- 6 || total
-------------------------+-------+-------++-------
Melee: War axe           |    81 |    16 ||    97
  Use: Potion            |     3 |       ||     3
